 Dungeon Crawl Stone Soup version 0.20.1-1-g8b1a95d (webtiles) character file.

6062 vatarom the Destroyer (level 10, -1/78 HPs)
             Began as a Pale Draconian Wizard on Sept 12, 2017.
             Was a Believer of Vehumet.
             Slain by a hellwing (2 damage)
             ... on level 8 of the Dungeon.
             The game lasted 00:22:13 (10214 turns).

vatarom the Destroyer (Pale Draconian Wizard)      Turns: 10214, Time: 00:22:14

Health: -1/78      AC:  8    Str: 12 (14) XL:     10   Next: 57%
Magic:  16/21      EV: 12    Int: 21 (22) God:    Vehumet [**....]
Gold:   422        SH:  0    Dex:  7 (10) Spells: 11/24 levels left

rFire    . . .     SeeInvis .   f - +8 frozen axe "Frostbite" {freezing cloud, *Noise +Fly rC+}
rCold    + . .     Gourm    .   (shield currently unavailable)
rNeg     . . .     Faith    .   (armour unavailable)
rPois    .         Spirit   .   a - +0 hat
rElec    .         Reflect  .   r - scarf {repulsion}
rCorr    .         Harm     .   D - +0 pair of gloves
MR       .....                  (no boots)
Stlth    +.........             (no amulet)
Regen    0.3/turn               (no ring)
MPRegen  0.2/turn               (no ring)

@: mighty, flying, hasted, drained, repel missiles, very quick
A: breathe steam, unfitting armour, cold-blooded, AC +7
a: Breathe Steam, Renounce Religion


You were on level 8 of the Dungeon.
You worshipped Vehumet.
Vehumet was pleased with you.
You were not hungry.

You visited 2 branches of the dungeon, and saw 9 of its levels.

You collected 422 gold pieces.

Inventory:

Hand Weapons
 f - the +8 frozen axe "Frostbite" (weapon) {freezing cloud, *Noise +Fly rC+}
   (You found it on level 6 of the Dungeon)

   It has been specially enchanted to freeze those struck by it, causing extra
   injury to most foes and up to half again as much damage against particularly
   susceptible opponents.
   It can also slow down cold-blooded creatures.
   It protects you from cold.
   It lets you fly.
   It may make noises in combat.
 y - a +2 quarterstaff of chaos
Armour
 a - a +0 hat (worn)
 r - a scarf of repulsion (worn)
 v - a +0 buckler
 D - a +0 pair of gloves (worn)
Wands
 t - a wand of lightning (4/15)
 C - a wand of enslavement (12/24)
Scrolls
 d - 8 scrolls of identify
 h - 2 scrolls of enchant weapon
 i - a scroll of recharging
 j - 3 scrolls of remove curse
 l - 2 scrolls of teleportation
 o - a scroll of fear
 p - a scroll of enchant armour
 s - a scroll of fog {unknown}
 w - a scroll of amnesia
 A - a scroll of blinking {unknown}
Potions
 g - a potion of curing
 n - a potion of flight
 z - a potion of agility
Books
 b - a book of Minor Magic

   Spells                             Type                      Level
   a - Magic Dart                     Conjuration                  1
   b - Blink                          Translocation                2
   c - Call Imp                       Summoning                    2
   d - Slow                           Hexes                        2
   e - Conjure Flame                  Conjuration/Fire             3
   f - Mephitic Cloud                 Conjuration/Poison/Air       3
Comestibles
 c - 3 bread rations
 k - 7 meat rations
 m - 2 fruits
 u - a royal jelly


   Skills:
 - Level 4.1(3.9) Fighting
 - Level 1.7(1.5) Dodging
 - Level 1.7(1.5) Stealth
 + Level 7.6(7.4) Spellcasting
 * Level 11.1(10.8) Conjurations
 - Level 1.0(0.8) Summonings
 - Level 1.0(0.8) Translocations
 + Level 8.2(8.0) Air Magic


You had 11 spell levels left.
You knew the following spells:

 Your Spells              Type           Power        Failure   Level  Hunger
a - Magic Dart            Conj           ####         1%          1    None
b - Call Imp              Summ           ##......     9%          2    None
c - Blink                 Tloc           N/A          9%          2    None
d - Mephitic Cloud        Conj/Pois/Air  ####....     1%          3    None
e - Conjure Flame         Conj/Fire      ####....     2%          3    None
f - Throw Flame           Conj/Fire      ####..       1%          2    None


Dungeon Overview and Level Annotations

Branches:
Dungeon (8/15)             Temple (1/1) D:5
   Lair: D:8-11

Altars:
Ashenzari
Cheibriados
Dithmenos
Elyvilon
Fedhas
Hepliaklqana
Kikubaaqudgha
Makhleb
Nemelex Xobeh
Okawaru
Ru
Sif Muna
Trog
Uskayaw
Vehumet
Xom
Yredelemnul
Zin
The Shining One

Annotations:
D:4 Eustachio
D:7 2 transporters


Innate Abilities, Weirdness & Mutations

You can breathe blasts of scalding, opaque steam.
Your pale cyan-grey scales are hard. (AC +7)
You cannot fit into any form of body armour.
You are cold-blooded and may be slowed by cold attacks.


Message History

The hellwing is lightly wounded.
You have got your breath back.
Your crimson imp blinks!
The hellwing closely misses you. The hellwing completely misses you.
Your crimson imp hits the hellwing but does no damage.
You slash the hellwing! You freeze the hellwing.
The hellwing is heavily wounded.
The hellwing misses you.
The hellwing hits you but does no damage.
Your crimson imp hits the hellwing.
You barely miss the hellwing.
Your tail-slap misses the hellwing.
The hellwing is heavily wounded.
The hellwing hits you!
* * * LOW HITPOINT WARNING * * *
The hellwing misses you.
Your crimson imp hits the hellwing but does no damage.
The hellwing hits you!
* * * LOW HITPOINT WARNING * * *
The hellwing hits you.
You die...

.......### #.............###
.†........####............##
#(..####............#....##
##(.# ###...........#...#
#(## ###.............# #(#
##..####......# ##.# ##..5##
##.....# .).# ##.5..4##
##..... ...## ##......@# ..
....## ##...######
.....###...## #.........##
####.....## #....## ###..##
#.....###### #...#...##..#


You could see a hellwing and 2 friendly crimson imps.

Vanquished Creatures
  The ghost of vatarom the Merchant of Misery, a novice DsNe of Kikubaaqudgha (D:8)
  An unseen horror (D:8)
  3 centaur zombies (D:8)
  A hellwing (D:8)
  Prince Ribbit (D:6)
  A meliai zombie (D:8)
  The ghost of ceb the Chopper, an amateur DsGl of Okawaru (D:5)
  Menkaure (D:5)
  2 water moccasins
  An ice beast (D:7)
  2 eyes of draining (D:5)
  4 sky beasts
  A black bear (D:6)
  A necrophage (D:8)
  4 centaurs
  2 ogres (D:6)
  A big kobold (D:7)
  3 bullfrogs
  A scorpion (D:7)
  9 howler monkeys
  A crimson imp (D:6)
  3 hounds
  A jelly (D:7)
  Crazy Yiuf (D:5)
  2 centaur skeletons
  3 orc priests
  An iguana (D:8)
  10 orc wizards
  A killer bee zombie (D:8)
  5 worker ants
  A hound zombie (D:6)
  2 hound skeletons
  10 adders
  6 shadow imps
  An ooze (D:3)
  An adder skeleton (D:6)
  An adder zombie (D:5)
  2 worms (D:4)
  A dart slug (D:1)
  6 leopard geckos
  24 orcs
  7 bats
  9 giant cockroaches
  4 goblins
  5 hobgoblins
  12 jackals
  A quokka (D:7)
  4 frilled lizards
  11 kobolds
  2 leopard gecko skeletons
  A quokka skeleton (D:5)
  7 rats
187 creatures vanquished.

Vanquished Creatures (collateral kills)
  A hobgoblin (D:2)
  A kobold (D:2)
2 creatures vanquished.

Vanquished Creatures (others)
  An orc wizard (D:4)
  An orc (D:7)
  7 fungi (D:8)
  9 plants (D:8)
  A withered plant (D:8)
19 creatures vanquished.

Grand Total: 208 creatures vanquished

Notes
Turn   | Place    | Note
-------+----------+-------------------------------------------
     0 | D:1      | vatarom the Draconian Wizard began the quest for the Orb.
     0 | D:1      | Reached XP level 1. HP: 14/14 MP: 4/4
   354 | D:1      | Reached XP level 2. HP: 21/22 MP: 0/6
   361 | D:1      | Learned a level 2 spell: Call Imp
   364 | D:1      | Learned a level 2 spell: Blink
   489 | D:1      | Reached skill level 1 in Fighting
  1038 | D:2      | Reached skill level 2 in Conjurations
  1085 | D:2      | Reached XP level 3. HP: 24/28 MP: 0/7
  1798 | D:2      | Found a hide-covered altar of Uskayaw.
  2155 | D:3      | Learned a level 3 spell: Mephitic Cloud
  2188 | D:3      | Reached XP level 4. HP: 36/36 MP: 1/9
  2354 | D:3      | Found a basalt altar of Yredelemnul.
  2386 | D:3      | Reached skill level 3 in Conjurations
  3064 | D:4      | Reached XP level 5. HP: 36/42 MP: 3/10
  3152 | D:4      | Noticed an orc warrior
  3177 | D:4      | Learned a level 3 spell: Conjure Flame
  3684 | D:3      | Reached skill level 4 in Conjurations
  4269 | D:4      | Reached XP level 6. HP: 51/51 MP: 0/12
  4408 | D:4      | Found a hazy altar of Hepliaklqana.
  4425 | D:4      | Noticed an orc warrior
  4433 | D:4      | Noticed Eustachio
  4468 | D:5      | Entered Level 5 of the Dungeon
  4571 | D:5      | Noticed a sky beast
  4663 | D:5      | Noticed ceb's ghost (amateur DsGl)
  4715 | D:5      | Killed a sky beast
  4909 | D:5      | Found a bloodstained altar of Trog.
  4942 | D:5      | Noticed a sky beast
  4950 | D:5      | Killed a sky beast
  4950 | D:5      | Reached skill level 5 in Conjurations
  5152 | D:5      | Killed ceb's ghost
  5152 | D:5      | Your scales start taking on a pale cyan-grey colour.
  5152 | D:5      | Reached XP level 7. HP: 55/59 MP: 3/13
  5235 | D:5      | Found a staircase to the Ecumenical Temple.
  5254 | Temple   | Entered the Ecumenical Temple
  5377 | Temple   | Became a worshipper of Vehumet
  5475 | D:5      | Found a runed door.
  5582 | D:5      | Noticed Crazy Yiuf
  5589 | D:5      | Killed Crazy Yiuf
  5715 | D:5      | Found a bloodstained altar of Trog.
  5738 | D:5      | Reached skill level 1 in Air Magic
  5756 | D:5      | Reached skill level 6 in Conjurations
  5972 | D:5      | Reached skill level 5 in Spellcasting
  5972 | D:5      | Reached XP level 8. HP: 66/66 MP: 11/15
  6094 | D:5      | Noticed Menkaure
  6098 | D:5      | Killed Menkaure
  6146 | D:6      | Noticed Prince Ribbit
  6414 | D:6      | Reached skill level 7 in Conjurations
  6727 | D:6      | Reached skill level 5 in Air Magic
  6926 | D:6      | Killed Prince Ribbit
  6936 | D:6      | Reached * piety under Vehumet
  6936 | D:6      | Offered knowledge of Shock by Vehumet.
  6936 | D:6      | Reached skill level 8 in Conjurations
  6936 | D:6      | Reached XP level 9. HP: 34/71 MP: 9/17
  7775 | D:7      | Found a transporter.
  7775 | D:7      | Noticed a manticore
  7779 | D:7      | Found an ancient bone altar of Kikubaaqudgha.
  7780 | D:7      | Noticed a cyclops
  7914 | D:7      | Found a transporter.
  8281 | D:7      | Reached skill level 9 in Conjurations
  8796 | D:8      | Reached ** piety under Vehumet
  8796 | D:8      | Offered knowledge of Throw Flame by Vehumet.
  8829 | D:8      | Noticed vatarom's ghost (novice DsNe)
  8831 | D:8      | Noticed a hellwing
  9317 | D:8      | Found a sparkling altar of Nemelex Xobeh.
  9362 | D:8      | Killed an unseen horror
  9362 | D:8      | Reached skill level 10 in Conjurations
  9362 | D:8      | Reached XP level 10. HP: 31/78 MP: 18/20
  9695 | D:8      | Learned a level 2 spell: Throw Flame
  9839 | D:8      | Killed vatarom's ghost
  9979 | D:8      | Offered knowledge of Inner Flame by Vehumet.
  9979 | D:8      | Reached skill level 11 in Conjurations
 10214 | D:8      | HP: 1/78 [hellwing (12)]
 10214 | D:8      | Slain by a hellwing

Skill      XL: |  1  2  3  4  5  6  7  8  9 10 |
---------------+-------------------------------+-----
Fighting       | 1 2 3 4 |  4.1
Conjurations   | 2 3 4 5 6 8 10 11 | 11.1
Spellcasting   | 4 5 6 7 |  7.6
Air Magic      | 3 5 7 8 |  8.2
Dodging        | |  1.7
Stealth        | |  1.7
Summonings     | |  1.0
Translocations | |  1.0

Action                   |  1- 3 |  4- 6 |  7- 9 | 10-12 || total
-------------------------+-------+-------+-------+-------++-------
Melee: Short sword       |    20 |    76 |       |       ||    96
       Tailslap          |     3 |     5 |    11 |     1 ||    20
       Staff             |       |     3 |       |       ||     3
       Quarterstaff      |       |       |    44 |       ||    44
       Executioner's axe |       |       |    76 |    34 ||   110
 Cast: Magic Dart        |    90 |   141 |   195 |    69 ||   495
       Call Imp          |     2 |       |       |     8 ||    10
       Mephitic Cloud    |     1 |    10 |    16 |       ||    27
       Conjure Flame     |       |     6 |    11 |       ||    17
       Throw Flame       |       |       |       |     8 ||     8
 Abil: Breathe Steam     |       |       |    15 |     6 ||    21
       Evoke Flight      |       |       |       |     1 ||     1
  Use: Scroll            |     7 |     4 |       |     1 ||    12
       Potion            |     6 |     4 |     1 |     7 ||    18
 Stab: Petrified         |       |       |    24 |       ||    24
       Petrifying        |       |       |     1 |       ||     1
       Confused          |       |       |     1 |       ||     1
       Sleeping          |       |       |     1 |       ||     1
  Eat: Chunk             |     2 |     5 |     6 |     4 ||    17
       Fruit             |     1 |       |     3 |       ||     4
       Meat ration       |     1 |       |       |       ||     1
       Bread ration      |       |     1 |     1 |       ||     2
Armor: Skin              |     6 |    59 |    81 |    44 ||   190
Dodge: Dodged            |    34 |   106 |   114 |    68 ||   322
       Deflected         |       |     2 |     6 |     5 ||    13
